 Dungeon Crawl Stone Soup version 0.29.1-12-g30fa7ad0bf (webtiles) character file.

Game seed: 4013489048280575756

206 retardedninja the Chopper (level 5, -2/70 HPs)
             Began as a Hill Orc Fighter on Dec 15, 2022.
             Slain by a gnoll
             ... wielding a +0 spear
             ... led by a gnoll bouda
              (4 damage)
             ... on level 4 of the Dungeon.
             The game lasted 00:03:06 (3665 turns).

retardedninja the Chopper (Hill Orc Fighter)        Turns: 3665, Time: 00:03:07

Health: -2/70      AC: 10    Str: 18 (21) XL:     5   Next: 84%
Magic:  5/5        EV:  7    Int:  7 (8)  God:
Gold:   306        SH:  4    Dex:  7 (10) Spells: 4/4 levels left

rFire   . . .      SeeInvis .   a - +0 war axe
rCold   . . .      Faith    .   c - +0 buckler
rNeg    . . .      Spirit   .   l - +0 chain mail
rPois   .          Reflect  .   (no helmet)
rElec   .          Harm     .   (no cloak)
rCorr   .          Rampage  .   q - +0 pair of gloves
Will    .....                   (no boots)
Stlth   ..........              (no amulet)
HPRegen 0.21/turn               (no ring)
MPRegen 0.09/turn               (no ring)

@: brilliant, berserking (expiring), attractive, invisible, very quick
A: no striking features
a: no special abilities


You were on level 4 of the Dungeon.
You visited 1 branch of the dungeon, and saw 4 of its levels.

You collected 306 gold pieces.

Inventory:

Hand Weapons
 a - a +0 war axe (weapon)
Armour
 c - a +0 buckler (worn)
 l - a +0 chain mail (worn)
 q - a +0 pair of gloves (worn)
Wands
 y - a wand of charming (14)
Scrolls
 b - a scroll of enchant armour {unknown}
 e - 2 scrolls of summoning {unknown}
 f - 2 scrolls of butterflies {unknown}
 g - 2 scrolls of fear {unknown}
 h - 3 scrolls of identify {unknown}
 j - a scroll of vulnerability {unknown}
 m - 2 scrolls of magic mapping
 n - 2 scrolls of teleportation {unknown}
 p - a scroll of noise {unknown}
 r - a scroll of poison {unknown}
 s - 2 scrolls of immolation {unknown}
 v - a scroll of amnesia {unknown}
Potions
 d - a potion of might
 i - a potion of invisibility
 k - a potion of resistance {unknown}
 o - a potion of curing {unknown}
 t - a potion of degeneration


   Skills:
 + Level 4.6 Fighting
 + Level 5.5 Axes
 + Level 4.3 Armour
 + Level 0.3 Dodging
 + Level 0.3 Stealth
 + Level 3.7 Shields


You had 4 spell levels left.
You didn't know any spells.
Your spell library was empty.

Dungeon Overview and Level Annotations

Branches:
Dungeon (4/15)
 Temple: D:4-7

Altars:
Fedhas
Vehumet


Message History

The gnoll hits you from afar with a +0 spear.
* * * LOW HITPOINT WARNING * * *
The gnoll bouda closely misses you.
It was a potion of attraction.
You feel attractive to monsters. The gnoll hits you but does no damage.
The gnoll bouda hits you but does no damage.
It was a potion of berserk rage.
A red film seems to cover your vision as you go berserk!
You feel yourself moving faster!
You feel mighty!
The gnoll hits you from afar with a +0 spear.
* * * LOW HITPOINT WARNING * * *
The gnoll bouda hits you with a +0 whip.
* * * LOW HITPOINT WARNING * * *
You catch the helpless gnoll bouda completely off-guard!
You slash the gnoll bouda!
The gnoll bouda is severely wounded.
The gnoll hits you but does no damage. The gnoll bouda closely misses you.
Unknown command.
You strike the helpless gnoll bouda from behind!
You slash the gnoll bouda!
You kill the gnoll bouda!
The gnoll hits you but does no damage. The gnoll is attracted toward you. x2
Unknown command.
You slash the gnoll!
The gnoll is heavily wounded.
The gnoll hits you but does no damage.
Unknown command.
You barely miss the gnoll.
The gnoll is heavily wounded.
The gnoll barely misses you.
Unknown command.
You closely miss the gnoll.
The gnoll is heavily wounded.
Unknown command.
You strike the helpless gnoll from behind!
You hit the gnoll.
The gnoll is severely wounded.
The gnoll hits you with a +0 spear.
You die...

###.##### #.# ##.# #.#
#.....### ##.####.# ###
#####...#######**#.......##
###<.......,*#........##
#########,........#..#
*********** **##>.....##.#
,,,,,,,,,,** #########.#
*********..#################.#
*#....gg@........)...#
#####################


You could see 2 gnolls.

Vanquished Creatures
  A hound (D:3)
  A gnoll bouda (D:4)
  An orc wizard (D:3)
  A gnoll (D:4)
  3 adders
  A worm (D:2)
  A dart slug (D:1)
  5 orcs (D:3)
  4 ball pythons
  2 endoplasms
  3 giant cockroaches
  18 goblins
  8 hobgoblins
  4 jackals
  6 kobolds
  4 quokkas
  3 bats (D:1)
  A frilled lizard (D:1)
67 creatures vanquished.

Vanquished Creatures (others)
  A plant (D:4)
1 creature vanquished.

Grand Total: 68 creatures vanquished

Notes
Turn   | Place    | Note
-------+----------+-------------------------------------------
     0 | D:1      | retardedninja the Hill Orc Fighter began the quest for the
                  | Orb.
     0 | D:1      | Reached XP level 1. HP: 19/19 MP: 1/1
   268 | D:1      | Reached XP level 2. HP: 26/27 MP: 2/2
   766 | D:1      | Reached skill level 3 in Axes
   803 | D:2      | Found a radiant altar of Vehumet.
   841 | D:2      | Reached XP level 3. HP: 29/33 MP: 3/3
  1363 | D:2      | Reached XP level 4. HP: 36/40 MP: 4/4
  1706 | D:3      | Reached skill level 4 in Axes
  2152 | D:3      | Reached XP level 5. HP: 23/47 MP: 5/5
  2490 | D:3      | Found a faded altar of an unknown god.
  3149 | D:4      | Found a blossoming altar of Fedhas.
  3162 | D:4      | Reached skill level 5 in Axes
  3659 | D:4      | HP: 1/70 [gnoll bouda/+0 whip (3)]
  3665 | D:4      | Slain by a gnoll

Illustrated notes

Levels and vault maps discovered:
D:1:      amcnicky_arrival_blooded_trapdoor, layout_loops_ring,
          hangedman_glass_teeth
D:2:      cheibrodos_greedy_goblins, layout_rooms, basic_altar
D:3:      layout_loops_corners, dreamdust_ecumenical_altar_grove
D:4:      cheibrodos_old_hovel, layout_rooms, amcnicky_altar_gilded,
          minmay_increasing_density

Skill      XL: |  1  2  3  4  5 |
---------------+----------------+-----
Axes           | 3 4 5 |  5.5
Fighting       | 4 |  4.6
Armour         | 4 |  4.3
Dodging        | |  0.3
Stealth        | |  0.3
Shields        | |  3.7

Action                   |  1- 3 |  4- 6 || total
-------------------------+-------+-------++-------
Melee: War axe           |    86 |   123 ||   209
  Use: Potion            |       |     5 ||     5
       Scroll            |       |     1 ||     1
 Stab: Invisible         |       |     3 ||     3
Armor: Scale mail        |    23 |       ||    23
       Chain mail        |    22 |    88 ||   110
Dodge: Dodged            |    37 |    48 ||    85
Block: Buckler           |    16 |    29 ||    45
